Map: [ESL] Site Delta

Players

gumiho - Winner!

  • Race: Terran Terran
  • Spawn Location: 5:00

Moja

  • Race: Terran Terran
  • League: Grandmaster
  • Spawn Location: 11:00

Event: HomeStory Cup XXV

VOD

Have the link to the VOD?

Description

Time

  • Played on: June 21, 2024, 11:27 a.m.
  • Length: 9:48

All games in this series

Show
View Real Time Build Order
Export as new Build Order

gumiho Terran - Winner!

Build Orders: Cyclone Opening 

Get SALT Encoding   

  12  0:00  SCV  
  13  0:12  SCV  
  14  0:16  Supply Depot  
  14  0:24  SCV  
  15  0:38  SCV  
  15  0:39  Barracks  
  16  0:43  Refinery  
  16  0:50  SCV  
  16  0:52  Refinery  
  17  1:02  SCV  
  18  1:14  SCV  
  19  1:26  Orbital Command, Barracks Reactor  
  19  1:28  Supply Depot  
  19  1:40  Factory  
  19  1:52  SCV  
  20  2:01  Reaper  
  20  2:02  Reaper  
  20  2:04  SCV  
  23  2:12  Bunker  
  23  2:14  Supply Depot  
  23  2:16  SCV  
  24  2:32  Supply Depot  
  24  2:36  Cyclone  
  25  2:40  Marine  
  27  2:47  SCV  
  27  2:49  Supply Depot  
  28  2:53  Marine  
  28  2:56  Starport  
  28  2:59  SCV  
  29  3:09  Cyclone  
  29  3:11  SCV  
  32  3:23  SCV, Barracks Reactor  
  33  3:34  Medivac  
  35  3:35  SCV  
  35  3:46  Factory Tech Lab  
  35  3:47  SCV  
  36  3:51  Command Center  
  36  4:00  SCV  
  37  4:03  Marine x2  
  37  4:04  Siege Tank  
  42  4:10  Viking  
  42  4:14  Supply Depot  
  42  4:15  SCV  
  45  4:21  Marine x2  
  47  4:36  SCV  
  47  4:37  Siege Tank  
  51  4:48  SCV, Marine x2  
  54  5:02  Refinery  
  54  5:03  Orbital Command, Viking  
  54  5:06  SCV, Marine x2  
  59  5:10  Siege Tank  
  62  5:14  Supply Depot  
  62  5:20  SCV  
  63  5:24  Marine x2  
  63  5:33  SCV  
  61  5:37  SCV  
  60  5:45  SCV  
  60  5:49  Siege Tank  
  60  5:51  SCV  
  60  5:53  Starport Tech Lab  
  60  5:54  Command Center  
  61  5:57  SCV  
  61  6:00  Marine x2  
  61  6:03  SCV  
  65  6:06  Supply Depot  
  65  6:09  SCV  
  66  6:15  SCV  
  66  6:21  SCV, Siege Tank  
  70  6:27  Raven, SCV  
  70  6:30  Interference Matrix, Marine x2  
  70  6:31  Refinery  
  70  6:32  Supply Depot  
  74  6:33  SCV  
  74  6:39  SCV  
  76  6:45  SCV  
  76  6:48  Marine x2  
  76  6:52  SCV  
  76  6:53  Siege Tank  
  82  6:57  SCV  
  83  7:04  Raven, SCV  
  85  7:09  SCV, Engineering Bay x2, Barracks  
  85  7:10  Orbital Command, Barracks  
  85  7:14  Marine x2  
  84  7:16  SCV  
  84  7:21  Supply Depot  
  85  7:31  SCV  
  85  7:32  SCV  
  85  7:36  SCV  
  88  7:43  Siege Tank  
  88  7:44  SCV, Terran Infantry Armor Level 1, Terran Infantry Weapons Level 1  
  90  7:47  SCV, Missile Turret  
  90  7:48  SCV  
  92  7:54  Stimpack  
  92  7:56  Barracks Reactor  
  92  7:57  Barracks Reactor  
  92  7:59  Marine  
  92  8:00  SCV  
  92  8:01  SCV x2, Viking  
  92  8:05  Viking  
  100  8:06  Supply Depot  
  100  8:09  Refinery  
  100  8:11  Refinery  
  100  8:14  SCV x3  
  100  8:16  Marine  
  100  8:19  Supply Depot  
  104  8:20  Supply Depot  
  104  8:21  Siege Tank  
  104  8:24  Supply Depot  
  104  8:26  SCV x2  
  104  8:27  SCV  
  110  8:30  Armory  
  110  8:32  Supply Depot  
  110  8:33  Viking  
  112  8:34  Marine  
  112  8:35  Viking  
  112  8:40  Marine x4  
  119  8:42  Supply Depot  
  119  8:44  SCV x3  
  121  8:53  Siege Tank  
  124  8:57  Marine  
  124  8:58  Marine x4  
  124  9:02  SCV x3  
  127  9:20  Command Center  
  127  9:22  Marine x3  
  127  9:23  Marine x2  
  122  9:31  SCV x2  
  123  9:38  Barracks  
  123  9:39  Barracks  
  123  9:40  Barracks  
Show
View Real Time Build Order
Export as new Build Order

Moja Terran 

Build Orders:  

Get SALT Encoding   

  12  0:00  SCV  
  13  0:12  SCV  
  14  0:20  Supply Depot  
  14  0:25  SCV  
  15  0:41  Barracks  
  15  0:52  Barracks  
  15  0:56  SCV  
  16  1:02  Refinery  
  16  1:08  SCV  
  17  1:20  SCV  
  18  1:28  Marine  
  19  1:33  Bunker  
  19  1:34  Orbital Command  
  19  1:38  Marine  
  20  1:46  Marine  
  21  1:50  Supply Depot  
  21  1:56  Marine  
  21  2:00  SCV  
  23  2:12  SCV, Marine  
  25  2:19  Factory  
  25  2:20  Marine  
  26  2:26  SCV  
  27  2:32  Marine  
  28  2:38  SCV  
  28  2:41  Supply Depot  
  28  2:50  SCV  
  29  2:53  Refinery  
  29  3:02  SCV  
  29  3:03  Cyclone, Starport  
  32  3:14  SCV  
  33  3:26  SCV  
  31  3:35  Cyclone  
  31  3:38  SCV  
  36  3:50  SCV  
  36  3:51  Viking  
  36  3:54  Command Center  
  37  3:59  Supply Depot  
  37  4:03  SCV  
  37  4:08  Factory Tech Lab  
  38  4:15  SCV  
  39  4:17  Supply Depot  
  39  4:25  Viking  
  39  4:27  Siege Tank  
  39  4:28  SCV  
  45  4:40  SCV  
  45  4:44  Barracks Reactor  
  46  4:52  SCV  
  47  4:57  Viking  
  47  4:59  Siege Tank  
  52  5:03  Refinery  
  52  5:04  SCV  
  53  5:07  Orbital Command  
  53  5:17  SCV  
  54  5:29  SCV  
  54  5:31  Siege Tank  
  53  5:40  Viking  
  46  5:54  SCV  
  42  6:01  Command Center  
  44  6:06  SCV, Liberator  
  46  6:15  Viking  
  48  6:18  SCV  
  49  6:27  Marine  
  49  6:30  SCV, Barracks x2  
  51  6:34  Orbital Command  
  51  6:35  Siege Tank  
  54  6:43  SCV  
  55  6:50  Viking  
  57  6:55  SCV  
  58  7:07  SCV  
  59  7:11  SCV  
  59  7:14  Engineering Bay x2  
  60  7:16  Orbital Command, Refinery  
  60  7:17  Refinery  
  60  7:19  SCV, Barracks Reactor x2  
  60  7:20  Barracks Tech Lab  
  61  7:24  SCV  
  60  7:31  SCV  
  60  7:37  SCV  
  60  7:42  Terran Infantry Weapons Level 1  
  60  7:44  SCV  
  61  7:46  Barracks  
  61  7:48  Supply Depot, Barracks  
  61  7:49  SCV  
  62  7:53  SCV  
  62  7:54  Stimpack  
  62  7:55  Marine x2  
  62  7:56  SCV, Marine x3  
  69  8:00  Supply Depot  
  69  8:01  SCV  
  69  8:04  Siege Tank  
  74  8:05  SCV  
  74  8:08  SCV  
  75  8:13  SCV, Marine x2, Viking  
  75  8:17  SCV, Viking  
  83  8:20  SCV  
  83  8:22  Marine x2  
  83  8:23  Marine  
  83  8:25  SCV  
  88  8:29  SCV  
  88  8:31  Supply Depot  
  89  8:34  Supply Depot, Marine  
  89  8:37  Orbital Command, Marine  
  89  8:38  Barracks Reactor x2  
  89  8:40  Marine  
  91  8:41  SCV x2  
  91  8:43  Siege Tank  
  91  8:46  Marine x2  
  98  8:52  Viking  
  98  8:53  SCV  
  101  8:58  Marine x2  
  101  8:59  Marine  
  104  9:04  Marine  
  104  9:08  Marine  
  105  9:17  Marine x2  
  105  9:20  Marine x2  
  105  9:22  Marine x2  
  95  9:26  Marine x2  
  95  9:27  Marine  
  95  9:29  SCV  
  95  9:30  SCV x2  
  98  9:34  Armory  
  105  9:45  Refinery  
Tags
 
Add a new tag
Caveats
  • Supply blocks, unpowered buildings, or Contaminate may cause inaccurate times.
  • Supply counts are checked every 10 seconds.